Canadiens vs Senators

Created - November 21 2010 at 10:49

Goals
1 2 3 OT1 T
Canadiens 2 0 1 1 4
Senators 2 1 0 0 3
Shots
1 2 3 OT1 T
Canadiens 5 8 15 3 31
Senators 9 9 7 0 25

Period #1

1. Canadiens , Rick Nash 12 (Brent Seabrook, Cory Stillman) at 0:14
2. Canadiens , Ilya Kovalchuk 10 (Tomas Plekanec, Ed Jovanovski) at 9:45 (PP)
3. Senators , Jason Spezza 10 (Marian Gaborik, Jay Bouwmeester) at 15:06
4. Senators , Marian Gaborik 11 (Jay Bouwmeester, Mike Mottau) at 17:40 (PP)

Penalties :
Brent Seabrook (MTL) for Roughing (Minor) at 2:00, Milan Michalek (OTT) for Goalie Interference (Minor) at 7:48, Devin Setoguchi (OTT) for Holding (Minor) at 11:24, Brent Seabrook (MTL) for Hooking (Minor) at 11:24, David Booth (MTL) for Roughing (Minor) at 17:32, Mike Mottau (OTT) for Tripping (Minor) at 18:05, R.J. Umberger (MTL) for Hooking (Minor) at 18:53, Jay Bouwmeester (OTT) for Holding (Minor) at 19:20

Period #2

5. Senators , Jason Spezza 11 (Alexander Edler, Marian Gaborik) at 13:30

Penalties :
David Booth (MTL) for Roughing (Minor) at 7:26, Alexander Edler (OTT) for Interference (Minor) at 9:55, Chris Kelly (OTT) for Hooking (Minor) at 11:35, Maxime Talbot (MTL) for Holding (Minor) at 13:14, Alexander Edler (OTT) for Holding Stick (Minor) at 19:04

Period #3

6. Canadiens , Rick Nash 13 (Ilya Kovalchuk, Tomas Plekanec) at 7:29 (PP)

Penalties :
James Neal (OTT) for Hooking (Minor) at 1:50, Mike Mottau (OTT) for Tripping (Minor) at 6:13, Mike Mottau (OTT) for Tripping (Minor) at 8:00, Milan Michalek (OTT) for Hooking (Minor) at 10:44, Alexander Edler (OTT) for Tripping (Minor) at 12:46, Ed Jovanovski (MTL) for Diving (Minor) at 16:05, Devin Setoguchi (OTT) for Hooking (Minor) at 18:21

Overtime #1

7. Canadiens , Martin Havlat 5 (Tobias Enstrom, Ilya Kovalchuk) at 2:00

Penalties :
No Penalty

Goalie Stats

Johan Hedberg (MTL), 22 saves from 25 shots - (0.880), W, 1-1-0, 62:01 minutes
Niklas Backstrom (OTT), 27 saves from 31 shots - (0.871), OTL, 11-7-2, 62:01 minutes

Players Stats

Canadiens
Player Name              G  A  P  +/- PIM S  H  SB FO    MP 
------------------------------------------------------------
Ales Hemsky              0  0  0   0  0   2  1  0  0/1   17 
Brent Seabrook           0  1  1   0  4   3  0  0  0/0   22 
Cory Stillman            0  1  1  -1  0   1  2  0  0/3   20 
David Booth              0  0  0   0  4   0  4  0  0/0   13 
Ed Jovanovski            0  1  1   1  2   1  4  1  0/0   23 
Francis Bouillon         0  0  0   0  0   0  0  0  0/0   14 
Ilya Kovalchuk           1  2  3   1  0   4  0  0  3/8   23 
Kris Russell             0  0  0   0  0   0  0  0  0/0   1  
Martin Havlat            1  0  1   1  0   2  1  0  0/1   16 
Maxime Talbot            0  0  0   0  2   0  1  0  0/0   6  
Patrik Berglund          0  0  0   0  0   0  0  0  2/4   2  
R.J. Umberger            0  0  0   0  2   2  1  0  12/23 18 
Rick Nash                2  0  2   0  0   6  3  0  1/3   21 
Shawn Horcoff            0  0  0  -1  0   5  2  1  15/23 17 
Tobias Enstrom           0  1  1   1  0   2  0  0  0/0   23 
Tom Gilbert              0  0  0  -1  0   0  0  1  0/0   16 
Tomas Plekanec           0  2  2   0  0   1  0  1  13/27 20 
Toni Lydman              0  0  0  -1  0   2  0  0  0/0   23 
Senators
Player Name              G  A  P  +/- PIM S  H  SB FO    MP 
------------------------------------------------------------
Alexander Edler          0  1  1   0  6   1  1  1  0/0   21 
Anton Volchenkov         0  0  0   0  0   4  1  4  0/0   22 
Chris Kelly              0  0  0   0  2   0  0  0  11/21 12 
Chris Stewart            0  0  0  -2  0   3  2  0  0/0   15 
Curtis Glencross         0  0  0   0  0   1  1  0  1/1   19 
David Steckel            0  0  0   0  0   1  0  0  10/22 16 
Devin Setoguchi          0  0  0   0  4   1  0  0  0/0   7  
Filip Kuba               0  0  0   1  0   1  0  2  0/0   13 
James Neal               0  0  0  -1  2   3  5  0  0/1   20 
Jason Spezza             2  0  2   2  0   2  2  0  9/20  18 
Jay Bouwmeester          0  2  2   0  2   0  1  2  0/0   24 
Karlis Skrastins         0  0  0   0  0   1  0  2  0/0   20 
Marian Gaborik           1  2  3   2  0   3  0  0  0/0   20 
Mike Mottau              0  1  1  -1  6   0  1  3  0/0   22 
Milan Michalek           0  0  0   1  4   1  3  0  0/1   15 
Patrick Dwyer            0  0  0   0  0   0  0  0  0/0   0  
Sergei Kostitsyn         0  0  0   0  0   1  0  0  0/0   3  
Sidney Crosby            0  0  0  -2  0   2  0  0  16/27 18 

3 Stars

1 - Jason Spezza (OTT)
2 - Marian Gaborik (OTT)
3 - Rick Nash (MTL)

Power Play

Canadiens - 2 on 12 Attempt(s) - 16.67%
Senators - 1 on 6 Attempt(s) - 16.67%

Penalty Kill

Canadiens - 5 on 6 Attempt(s) - 83.33% - Score 0 goal in Penalty Kill
Senators - 10 on 12 Attempt(s) - 83.33% - Score 0 goal in Penalty Kill

Game Notes

No Game Note

Finance

Level 1 -- Attendance: 5149 (79.22%) -- Ticket Income $514,900.00
Level 2 -- Attendance: 3949 (78.98%) -- Ticket Income $236,940.00
Level 3 -- Attendance: 2879 (82.26%) -- Ticket Income $100,765.00
Level 4 -- Attendance: 1477 (46.84%) -- Ticket Income $44,310.00
Luxury Box -- Attendance: 588 (58.80%) -- Ticket Income $147,000.00
Game was played at the Scotiabank Place
Total Attendance: 14042 (73.31%)
Total Ticket Income: $1,096,341.00
Other Income: $199,709.40
Total Income: $1,296,049.00


Play by Play

Period #1

0:01 of 1st period - Sidney Crosby wins face-off versus R.J. Umberger in neutral zone.
0:10 of 1st period - Shot by Cory Stillman.
0:10 of 1st period - Shot Blocked by Anton Volchenkov.
0:14 of 1st period - Shot by Rick Nash.
0:14 of 1st period - Goal by Rick Nash - Canadiens : 1 - Senators : 0.
0:15 of 1st period - Tomas Plekanec wins face-off versus Milan Michalek in neutral zone.
0:36 of 1st period - Shot by Martin Havlat.
0:36 of 1st period - Shot Hit the Post.
1:24 of 1st period - Off-side.
1:25 of 1st period - Shawn Horcoff wins face-off versus David Steckel in neutral zone.
1:28 of 1st period - Mike Mottau is hit by David Booth.
1:40 of 1st period - Shot by Devin Setoguchi.
1:40 of 1st period - Stopped by Johan Hedberg without a rebound.
1:41 of 1st period - R.J. Umberger wins face-off versus Sidney Crosby in Canadiens zone.
1:49 of 1st period - Brent Seabrook is hit by James Neal and loses puck.
2:00 of 1st period - Minor Penalty to Brent Seabrook for Roughing.
2:01 of 1st period - Tomas Plekanec wins face-off versus Sidney Crosby in Canadiens zone.
2:01 of 1st period - Tomas Plekanec is hit by James Neal.
3:11 of 1st period - Shot by Jason Spezza.
3:11 of 1st period - Shot Misses the Net.
3:13 of 1st period - Shot by Marian Gaborik.
3:13 of 1st period - Shot Misses the Net.
3:15 of 1st period - Shot by Anton Volchenkov.
3:15 of 1st period - Stopped by Johan Hedberg without a rebound.
3:16 of 1st period - Tomas Plekanec wins face-off versus Jason Spezza in Canadiens zone.
3:40 of 1st period - Icing by Milan Michalek.
3:41 of 1st period - Jason Spezza wins face-off versus Shawn Horcoff in Senators zone.
4:29 of 1st period - Shot by Curtis Glencross.
4:29 of 1st period - Shot Misses the Net.
4:31 of 1st period - Shot by David Steckel.
4:31 of 1st period - Stopped by Johan Hedberg without a rebound.
4:32 of 1st period - Shawn Horcoff wins face-off versus Sidney Crosby in Canadiens zone.
4:54 of 1st period - Shot by Chris Stewart.
4:54 of 1st period - Stopped by Johan Hedberg without a rebound.
4:55 of 1st period - Chris Kelly wins face-off versus Patrik Berglund in Canadiens zone.
5:25 of 1st period - Icing by Ed Jovanovski.
5:26 of 1st period - Patrik Berglund wins face-off versus Jason Spezza in Canadiens zone.
5:56 of 1st period - Off-side.
5:57 of 1st period - Sidney Crosby wins face-off versus Rick Nash in neutral zone.
6:12 of 1st period - James Neal is hit by R.J. Umberger and loses puck.
6:49 of 1st period - Chris Stewart is hit by Shawn Horcoff and loses puck.
7:48 of 1st period - Minor Penalty to Milan Michalek for Goalie Interference.
7:49 of 1st period - Chris Kelly wins face-off versus Tomas Plekanec in Senators zone.
7:49 of 1st period - Chris Kelly is hit by Rick Nash.
8:11 of 1st period - Shot by Rick Nash.
8:11 of 1st period - Shot Blocked by Jay Bouwmeester.
8:13 of 1st period - Shot by Ed Jovanovski.
8:13 of 1st period - Shot Blocked by Jay Bouwmeester.
8:15 of 1st period - Shot by Rick Nash.
8:15 of 1st period - Shot Blocked by Alexander Edler.
9:39 of 1st period - Shot by Ed Jovanovski.
9:39 of 1st period - Shot Misses the Net.
9:41 of 1st period - Shot by Tomas Plekanec.
9:41 of 1st period - Shot Misses the Net.
9:45 of 1st period - Shot by Ilya Kovalchuk.
9:45 of 1st period - Goal by Ilya Kovalchuk - Canadiens : 2 - Senators : 0.
9:46 of 1st period - Shawn Horcoff wins face-off versus Jason Spezza in neutral zone.
9:52 of 1st period - Icing by Filip Kuba.
9:53 of 1st period - Shawn Horcoff wins face-off versus Jason Spezza in Senators zone.
10:45 of 1st period - Shot by Rick Nash.
10:45 of 1st period - Stopped by Niklas Backstrom without a rebound.
10:46 of 1st period - Sidney Crosby wins face-off versus Tomas Plekanec in Senators zone.
10:56 of 1st period - Alexander Edler is hit by Ed Jovanovski and loses puck.
11:01 of 1st period - Shot by James Neal.
11:01 of 1st period - Stopped by Johan Hedberg without a rebound.
11:02 of 1st period - R.J. Umberger wins face-off versus David Steckel in Canadiens zone.
11:24 of 1st period - Minor Penalty to Devin Setoguchi for Holding.
11:24 of 1st period - Minor Penalty to Brent Seabrook for Hooking.
11:25 of 1st period - Ilya Kovalchuk wins face-off versus Sidney Crosby in Canadiens zone.
11:34 of 1st period - Shot by Ilya Kovalchuk.
11:34 of 1st period - Shot Misses the Net.
11:42 of 1st period - Shot by Chris Stewart.
11:42 of 1st period - Stopped by Johan Hedberg without a rebound.
11:43 of 1st period - Shawn Horcoff wins face-off versus Jason Spezza in Canadiens zone.
12:01 of 1st period - Icing by Cory Stillman.
12:02 of 1st period - Sidney Crosby wins face-off versus Cory Stillman in Canadiens zone.
12:40 of 1st period - Icing by Ed Jovanovski.
12:41 of 1st period - Jason Spezza wins face-off versus Ilya Kovalchuk in Canadiens zone.
12:47 of 1st period - Marian Gaborik is hit by Ed Jovanovski and loses puck.
14:19 of 1st period - James Neal is hit by David Booth.
15:06 of 1st period - Shot by Jason Spezza.
15:06 of 1st period - Goal by Jason Spezza - Canadiens : 2 - Senators : 1.
15:07 of 1st period - Ilya Kovalchuk wins face-off versus Chris Kelly in neutral zone.
15:23 of 1st period - Chris Kelly is hit by Ed Jovanovski and loses puck.
15:53 of 1st period - Icing by Filip Kuba.
15:54 of 1st period - Jason Spezza wins face-off versus R.J. Umberger in Senators zone.
15:54 of 1st period - Jason Spezza is hit by Cory Stillman.
17:25 of 1st period - Shot by Curtis Glencross.
17:25 of 1st period - Stopped by Johan Hedberg without a rebound.
17:26 of 1st period - Shawn Horcoff wins face-off versus Jason Spezza in Canadiens zone.
17:32 of 1st period - Minor Penalty to David Booth for Roughing.
17:33 of 1st period - Jason Spezza wins face-off versus Tomas Plekanec in Canadiens zone.
17:40 of 1st period - Shot by Marian Gaborik.
17:40 of 1st period - Goal by Marian Gaborik - Canadiens : 2 - Senators : 2.
17:41 of 1st period - Chris Kelly wins face-off versus Shawn Horcoff in neutral zone.
18:00 of 1st period - Shot by Ales Hemsky.
18:00 of 1st period - Deflect By Shawn Horcoff.
18:00 of 1st period - Shot Misses the Net.
18:02 of 1st period - Shot by Francis Bouillon.
18:02 of 1st period - Shot Misses the Net.
18:05 of 1st period - Minor Penalty to Mike Mottau for Tripping.
18:06 of 1st period - Tomas Plekanec wins face-off versus Chris Kelly in Senators zone.
18:06 of 1st period - Ilya Kovalchuk is hit by Anton Volchenkov and loses puck.
18:53 of 1st period - Minor Penalty to R.J. Umberger for Hooking.
18:54 of 1st period - Sidney Crosby wins face-off versus Ilya Kovalchuk in Canadiens zone.
19:11 of 1st period - Shot by Jay Bouwmeester.
19:11 of 1st period - Shot Blocked by Tom Gilbert.
19:20 of 1st period - Minor Penalty to Jay Bouwmeester for Holding.
19:21 of 1st period - Chris Kelly wins face-off versus Cory Stillman in Senators zone.
19:21 of 1st period - Anton Volchenkov is hit by Shawn Horcoff and loses puck.
19:32 of 1st period - Shot by Shawn Horcoff.
19:32 of 1st period - Stopped by Niklas Backstrom without a rebound.
19:33 of 1st period - Shawn Horcoff wins face-off versus Chris Kelly in Senators zone.
19:50 of 1st period - Shot by Cory Stillman.
19:50 of 1st period - Deflect By Shawn Horcoff.
19:50 of 1st period - Stopped by Niklas Backstrom without a rebound.
19:51 of 1st period - Ilya Kovalchuk wins face-off versus Chris Kelly in Senators zone.

Period #2

0:01 of 2nd period - Chris Kelly wins face-off versus Ilya Kovalchuk in neutral zone.
0:37 of 2nd period - Shot by Chris Stewart.
0:37 of 2nd period - Stopped by Johan Hedberg without a rebound.
0:38 of 2nd period - Shawn Horcoff wins face-off versus Jason Spezza in Canadiens zone.
0:45 of 2nd period - Shot by Cory Stillman.
0:45 of 2nd period - Shot Misses the Net.
0:47 of 2nd period - Shot by Brent Seabrook.
0:47 of 2nd period - Stopped by Niklas Backstrom without a rebound.
0:48 of 2nd period - Shawn Horcoff wins face-off versus Sidney Crosby in Senators zone.
0:53 of 2nd period - Shot by Brent Seabrook.
0:53 of 2nd period - Shot Misses the Net.
1:23 of 2nd period - Shot by Ales Hemsky.
1:23 of 2nd period - Shot Misses the Net.
1:59 of 2nd period - Shot by Jason Spezza.
1:59 of 2nd period - Deflect By Marian Gaborik.
1:59 of 2nd period - Shot Misses the Net.
2:01 of 2nd period - Shot by Jay Bouwmeester.
2:01 of 2nd period - Shot Blocked by Tomas Plekanec.
2:33 of 2nd period - Icing by Alexander Edler.
2:34 of 2nd period - Sidney Crosby wins face-off versus Cory Stillman in Senators zone.
2:51 of 2nd period - Shot by James Neal.
2:51 of 2nd period - Stopped by Johan Hedberg without a rebound.
2:52 of 2nd period - Shawn Horcoff wins face-off versus David Steckel in Canadiens zone.
3:23 of 2nd period - Shot by Ales Hemsky.
3:23 of 2nd period - Stopped by Niklas Backstrom without a rebound.
3:24 of 2nd period - Jason Spezza wins face-off versus R.J. Umberger in Senators zone.
3:24 of 2nd period - Jason Spezza is hit by Rick Nash.
4:23 of 2nd period - David Booth is hit by James Neal.
4:27 of 2nd period - Shot by Toni Lydman.
4:27 of 2nd period - Stopped by Niklas Backstrom without a rebound.
4:28 of 2nd period - Tomas Plekanec wins face-off versus David Steckel in Senators zone.
4:33 of 2nd period - Icing by Karlis Skrastins.
4:34 of 2nd period - David Steckel wins face-off versus Patrik Berglund in Senators zone.
4:34 of 2nd period - David Steckel is hit by Maxime Talbot.
4:54 of 2nd period - Shot by Karlis Skrastins.
4:54 of 2nd period - Stopped by Johan Hedberg without a rebound.
4:55 of 2nd period - Sidney Crosby wins face-off versus Shawn Horcoff in Canadiens zone.
5:10 of 2nd period - Shot by Chris Stewart.
5:10 of 2nd period - Shot Misses the Net.
5:12 of 2nd period - Shot by Sidney Crosby.
5:12 of 2nd period - Stopped by Johan Hedberg with a rebound.
5:16 of 2nd period - Shot by James Neal.
5:16 of 2nd period - Shot Misses the Net.
5:20 of 2nd period - Shot by Chris Stewart.
5:20 of 2nd period - Shot Misses the Net.
5:39 of 2nd period - Off-side.
5:40 of 2nd period - David Steckel wins face-off versus Tomas Plekanec in neutral zone.
6:03 of 2nd period - Shot by Curtis Glencross.
6:03 of 2nd period - Deflect By Devin Setoguchi.
6:03 of 2nd period - Shot Misses the Net.
6:53 of 2nd period - Shot by Marian Gaborik.
6:53 of 2nd period - Stopped by Johan Hedberg without a rebound.
6:54 of 2nd period - Shawn Horcoff wins face-off versus Sidney Crosby in Canadiens zone.
6:54 of 2nd period - Shawn Horcoff is hit by Chris Stewart.
7:00 of 2nd period - Shot by Ales Hemsky.
7:00 of 2nd period - Shot Misses the Net.
7:02 of 2nd period - Shot by Shawn Horcoff.
7:02 of 2nd period - Shot Blocked by Anton Volchenkov.
7:04 of 2nd period - Shot by Shawn Horcoff.
7:04 of 2nd period - Stopped by Niklas Backstrom without a rebound.
7:05 of 2nd period - Jason Spezza wins face-off versus Rick Nash in Senators zone.
7:05 of 2nd period - Jason Spezza is hit by Cory Stillman.
7:23 of 2nd period - Shot by Rick Nash.
7:23 of 2nd period - Stopped by Niklas Backstrom without a rebound.
7:24 of 2nd period - Sidney Crosby wins face-off versus Shawn Horcoff in Senators zone.
7:26 of 2nd period - Minor Penalty to David Booth for Roughing.
7:27 of 2nd period - Tomas Plekanec wins face-off versus Sidney Crosby in Canadiens zone.
7:48 of 2nd period - Icing by James Neal.
7:49 of 2nd period - Sidney Crosby wins face-off versus Shawn Horcoff in Senators zone.
7:49 of 2nd period - Sidney Crosby is hit by Rick Nash.
8:04 of 2nd period - Icing by Chris Stewart.
8:05 of 2nd period - Sidney Crosby wins face-off versus Tomas Plekanec in Senators zone.
9:33 of 2nd period - Tomas Plekanec is hit by Alexander Edler and loses puck.
9:55 of 2nd period - Minor Penalty to Alexander Edler for Interference.
9:56 of 2nd period - Chris Kelly wins face-off versus Ales Hemsky in Senators zone.
10:23 of 2nd period - Shot by R.J. Umberger.
10:23 of 2nd period - Stopped by Niklas Backstrom without a rebound.
10:24 of 2nd period - Tomas Plekanec wins face-off versus David Steckel in Senators zone.
10:50 of 2nd period - Shot by Tobias Enstrom.
10:50 of 2nd period - Shot Blocked by Karlis Skrastins.
11:35 of 2nd period - Minor Penalty to Chris Kelly for Hooking.
11:36 of 2nd period - Sidney Crosby wins face-off versus Tomas Plekanec in Senators zone.
11:53 of 2nd period - Shot by Ilya Kovalchuk.
11:53 of 2nd period - Stopped by Niklas Backstrom without a rebound.
11:54 of 2nd period - Sidney Crosby wins face-off versus R.J. Umberger in Senators zone.
13:14 of 2nd period - Minor Penalty to Maxime Talbot for Holding.
13:15 of 2nd period - Jason Spezza wins face-off versus Shawn Horcoff in Canadiens zone.
13:30 of 2nd period - Shot by Jason Spezza.
13:30 of 2nd period - Goal by Jason Spezza - Canadiens : 2 - Senators : 3.
13:31 of 2nd period - Sidney Crosby wins face-off versus Ilya Kovalchuk in neutral zone.
14:15 of 2nd period - Icing by Jason Spezza.
14:16 of 2nd period - Shawn Horcoff wins face-off versus Jason Spezza in Senators zone.
14:50 of 2nd period - Icing by Filip Kuba.
14:51 of 2nd period - Tomas Plekanec wins face-off versus Sidney Crosby in Senators zone.
14:54 of 2nd period - Shot by Tomas Plekanec.
14:54 of 2nd period - Shot Misses the Net.
15:00 of 2nd period - Shot by Alexander Edler.
15:00 of 2nd period - Stopped by Johan Hedberg without a rebound.
15:01 of 2nd period - Jason Spezza wins face-off versus R.J. Umberger in Canadiens zone.
15:06 of 2nd period - Shot by Devin Setoguchi.
15:06 of 2nd period - Shot Misses the Net.
15:33 of 2nd period - Shot by Sergei Kostitsyn.
15:33 of 2nd period - Stopped by Johan Hedberg with a rebound.
16:40 of 2nd period - Shot by Rick Nash.
16:40 of 2nd period - Shot Misses the Net.
16:42 of 2nd period - Shot by R.J. Umberger.
16:42 of 2nd period - Stopped by Niklas Backstrom without a rebound.
16:43 of 2nd period - Sidney Crosby wins face-off versus Tomas Plekanec in Senators zone.
16:56 of 2nd period - Shot by James Neal.
16:56 of 2nd period - Deflect By Chris Stewart.
16:56 of 2nd period - Shot Misses the Net.
18:02 of 2nd period - Off-side.
18:03 of 2nd period - Jason Spezza wins face-off versus Shawn Horcoff in neutral zone.
18:09 of 2nd period - Icing by Francis Bouillon.
18:10 of 2nd period - Shawn Horcoff wins face-off versus Jason Spezza in Canadiens zone.
18:10 of 2nd period - Shawn Horcoff is hit by Milan Michalek.
18:30 of 2nd period - Shot by Jason Spezza.
18:30 of 2nd period - Shot Blocked by Shawn Horcoff.
18:36 of 2nd period - Shot by Marian Gaborik.
18:36 of 2nd period - Stopped by Johan Hedberg without a rebound.
18:37 of 2nd period - Sidney Crosby wins face-off versus R.J. Umberger in Canadiens zone.
18:41 of 2nd period - Icing by Brent Seabrook.
18:42 of 2nd period - R.J. Umberger wins face-off versus Sidney Crosby in Canadiens zone.
18:42 of 2nd period - Cory Stillman is hit by James Neal and loses puck.
19:04 of 2nd period - Minor Penalty to Alexander Edler for Holding Stick.
19:05 of 2nd period - Chris Kelly wins face-off versus R.J. Umberger in Senators zone.
19:44 of 2nd period - Rick Nash is hit by James Neal and loses puck.
19:48 of 2nd period - Icing by Tomas Plekanec.
19:49 of 2nd period - Tomas Plekanec wins face-off versus Chris Kelly in Canadiens zone.

Period #3

0:01 of 3rd period - Tomas Plekanec wins face-off versus David Steckel in neutral zone.
0:22 of 3rd period - Shot by Ed Jovanovski.
0:22 of 3rd period - Deflect By Rick Nash.
0:22 of 3rd period - Shot Blocked by Mike Mottau.
0:24 of 3rd period - Shot by Ilya Kovalchuk.
0:24 of 3rd period - Shot Blocked by Mike Mottau.
1:17 of 3rd period - Shot by Marian Gaborik.
1:17 of 3rd period - Shot Misses the Net.
1:23 of 3rd period - Shot by Filip Kuba.
1:23 of 3rd period - Stopped by Johan Hedberg with a rebound.
1:43 of 3rd period - Shot by Milan Michalek.
1:43 of 3rd period - Stopped by Johan Hedberg without a rebound.
1:44 of 3rd period - Sidney Crosby wins face-off versus R.J. Umberger in Canadiens zone.
1:45 of 3rd period - Shot by James Neal.
1:45 of 3rd period - Stopped by Johan Hedberg without a rebound.
1:46 of 3rd period - R.J. Umberger wins face-off versus James Neal in Canadiens zone.
1:50 of 3rd period - Minor Penalty to James Neal for Hooking.
1:51 of 3rd period - R.J. Umberger wins face-off versus David Steckel in Senators zone.
1:51 of 3rd period - R.J. Umberger is hit by Mike Mottau.
1:55 of 3rd period - Shot by Cory Stillman.
1:55 of 3rd period - Stopped by Niklas Backstrom without a rebound.
1:56 of 3rd period - David Steckel wins face-off versus Tomas Plekanec in Senators zone.
2:09 of 3rd period - Shot by Ilya Kovalchuk.
2:09 of 3rd period - Shot Blocked by Karlis Skrastins.
2:11 of 3rd period - Shot by Tomas Plekanec.
2:11 of 3rd period - Shot Misses the Net.
2:15 of 3rd period - Shot by Ilya Kovalchuk.
2:15 of 3rd period - Stopped by Niklas Backstrom without a rebound.
2:16 of 3rd period - R.J. Umberger wins face-off versus Chris Kelly in Senators zone.
2:21 of 3rd period - Shot by Brent Seabrook.
2:21 of 3rd period - Shot Blocked by Anton Volchenkov.
2:32 of 3rd period - Icing by Ales Hemsky.
2:33 of 3rd period - David Steckel wins face-off versus R.J. Umberger in Canadiens zone.
2:44 of 3rd period - Shot by Sidney Crosby.
2:44 of 3rd period - Stopped by Johan Hedberg without a rebound.
2:45 of 3rd period - Curtis Glencross wins face-off versus Tomas Plekanec in Canadiens zone.
2:58 of 3rd period - Shot by Rick Nash.
2:58 of 3rd period - Stopped by Niklas Backstrom without a rebound.
2:59 of 3rd period - David Steckel wins face-off versus Tomas Plekanec in Senators zone.
3:15 of 3rd period - Icing by Rick Nash.
3:16 of 3rd period - Tomas Plekanec wins face-off versus Chris Kelly in Canadiens zone.
3:26 of 3rd period - Icing by Rick Nash.
3:27 of 3rd period - Tomas Plekanec wins face-off versus Chris Kelly in Canadiens zone.
3:29 of 3rd period - Icing by Rick Nash.
3:30 of 3rd period - David Steckel wins face-off versus Tomas Plekanec in Canadiens zone.
3:55 of 3rd period - Shot by Shawn Horcoff.
3:55 of 3rd period - Shot Blocked by Filip Kuba.
4:01 of 3rd period - Toni Lydman is hit by Milan Michalek.
4:07 of 3rd period - Jay Bouwmeester is hit by David Booth and loses puck.
5:48 of 3rd period - Shot by Sidney Crosby.
5:48 of 3rd period - Shot Blocked by Ed Jovanovski.
5:50 of 3rd period - Shot by Anton Volchenkov.
5:50 of 3rd period - Stopped by Johan Hedberg with a rebound.
5:52 of 3rd period - Shot by Anton Volchenkov.
5:52 of 3rd period - Stopped by Johan Hedberg without a rebound.
5:53 of 3rd period - Patrik Berglund wins face-off versus David Steckel in Canadiens zone.
5:53 of 3rd period - Patrik Berglund is hit by Curtis Glencross.
6:12 of 3rd period - Shot by Ilya Kovalchuk.
6:12 of 3rd period - Shot Misses the Net.
6:13 of 3rd period - Minor Penalty to Mike Mottau for Tripping.
6:14 of 3rd period - R.J. Umberger wins face-off versus David Steckel in Senators zone.
7:01 of 3rd period - Shot by Martin Havlat.
7:01 of 3rd period - Stopped by Niklas Backstrom without a rebound.
7:02 of 3rd period - Rick Nash wins face-off versus David Steckel in Senators zone.
7:29 of 3rd period - Shot by Rick Nash.
7:29 of 3rd period - Goal by Rick Nash - Canadiens : 3 - Senators : 3.
7:30 of 3rd period - Shawn Horcoff wins face-off versus Chris Kelly in neutral zone.
7:57 of 3rd period - Shot by Ales Hemsky.
7:57 of 3rd period - Deflect By Shawn Horcoff.
7:57 of 3rd period - Stopped by Niklas Backstrom with a rebound.
7:59 of 3rd period - Shot by Toni Lydman.
7:59 of 3rd period - Shot Blocked by Mike Mottau.
8:00 of 3rd period - Minor Penalty to Mike Mottau for Tripping.
8:01 of 3rd period - David Steckel wins face-off versus Tomas Plekanec in Senators zone.
8:28 of 3rd period - Shot by Brent Seabrook.
8:28 of 3rd period - Stopped by Niklas Backstrom with a rebound.
8:59 of 3rd period - Icing by R.J. Umberger.
9:00 of 3rd period - R.J. Umberger wins face-off versus Sidney Crosby in Canadiens zone.
10:06 of 3rd period - Shot by Shawn Horcoff.
10:06 of 3rd period - Stopped by Niklas Backstrom without a rebound.
10:07 of 3rd period - R.J. Umberger wins face-off versus Jason Spezza in Senators zone.
10:19 of 3rd period - Rick Nash is hit by Jay Bouwmeester and loses puck.
10:34 of 3rd period - Shot by Rick Nash.
10:34 of 3rd period - Shot Hit the Post.
10:42 of 3rd period - Cory Stillman is hit by Jason Spezza and loses puck.
10:44 of 3rd period - Minor Penalty to Milan Michalek for Hooking.
10:45 of 3rd period - Tomas Plekanec wins face-off versus David Steckel in Senators zone.
11:07 of 3rd period - Shot by Tobias Enstrom.
11:07 of 3rd period - Shot Blocked by Anton Volchenkov.
11:09 of 3rd period - Shot by Tomas Plekanec.
11:09 of 3rd period - Stopped by Niklas Backstrom with a rebound.
11:11 of 3rd period - Shot by Tomas Plekanec.
11:11 of 3rd period - Shot Misses the Net.
11:13 of 3rd period - Shot by Tomas Plekanec.
11:13 of 3rd period - Shot Misses the Net.
11:31 of 3rd period - Shot by Brent Seabrook.
11:31 of 3rd period - Shot Misses the Net.
11:33 of 3rd period - Shot by R.J. Umberger.
11:33 of 3rd period - Shot Hit the Post.
11:35 of 3rd period - Shot by Brent Seabrook.
11:35 of 3rd period - Shot Misses the Net.
11:39 of 3rd period - Shot by Cory Stillman.
11:39 of 3rd period - Deflect By Ales Hemsky.
11:39 of 3rd period - Stopped by Niklas Backstrom without a rebound.
11:40 of 3rd period - Chris Kelly wins face-off versus Shawn Horcoff in Senators zone.
11:49 of 3rd period - Shot by Tobias Enstrom.
11:49 of 3rd period - Stopped by Niklas Backstrom without a rebound.
11:50 of 3rd period - Chris Kelly wins face-off versus R.J. Umberger in Senators zone.
12:09 of 3rd period - Shot by Brent Seabrook.
12:09 of 3rd period - Stopped by Niklas Backstrom without a rebound.
12:10 of 3rd period - David Steckel wins face-off versus Tomas Plekanec in Senators zone.
12:25 of 3rd period - Shot by Rick Nash.
12:25 of 3rd period - Stopped by Niklas Backstrom without a rebound.
12:26 of 3rd period - Chris Kelly wins face-off versus Martin Havlat in Senators zone.
12:46 of 3rd period - Minor Penalty to Alexander Edler for Tripping.
12:47 of 3rd period - David Steckel wins face-off versus Tomas Plekanec in Senators zone.
14:14 of 3rd period - Shot by Tobias Enstrom.
14:14 of 3rd period - Stopped by Niklas Backstrom with a rebound.
14:16 of 3rd period - Shot by Tom Gilbert.
14:16 of 3rd period - Shot Blocked by Filip Kuba.
14:18 of 3rd period - Shot by Tomas Plekanec.
14:18 of 3rd period - Shot Misses the Net.
14:41 of 3rd period - Icing by Maxime Talbot.
14:42 of 3rd period - R.J. Umberger wins face-off versus David Steckel in Canadiens zone.
14:54 of 3rd period - James Neal is hit by David Booth and loses puck.
14:59 of 3rd period - Shot by Anton Volchenkov.
14:59 of 3rd period - Stopped by Johan Hedberg with a rebound.
15:01 of 3rd period - Shot by Alexander Edler.
15:01 of 3rd period - Shot Misses the Net.
16:05 of 3rd period - Minor Penalty to Ed Jovanovski for Diving.
16:06 of 3rd period - R.J. Umberger wins face-off versus Sidney Crosby in Canadiens zone.
16:29 of 3rd period - Rick Nash is hit by Chris Stewart and loses puck.
16:57 of 3rd period - Shot by Jason Spezza.
16:57 of 3rd period - Shot Hit the Post.
17:17 of 3rd period - Maxime Talbot is hit by Milan Michalek and loses puck.
17:36 of 3rd period - Shot by Chris Stewart.
17:36 of 3rd period - Shot Misses the Net.
18:21 of 3rd period - Minor Penalty to Devin Setoguchi for Hooking.
18:22 of 3rd period - David Steckel wins face-off versus R.J. Umberger in Senators zone.
18:22 of 3rd period - David Steckel is hit by Ales Hemsky.
19:42 of 3rd period - Shot by Toni Lydman.
19:42 of 3rd period - Stopped by Niklas Backstrom without a rebound.
19:43 of 3rd period - R.J. Umberger wins face-off versus Chris Kelly in Senators zone.
19:44 of 3rd period - Shot by Ales Hemsky.
19:44 of 3rd period - Shot Misses the Net.

Overtime #1

0:01 of 1st overtime period - Chris Kelly wins face-off versus Ilya Kovalchuk in neutral zone.
0:20 of 1st overtime period - Shot by Ed Jovanovski.
0:20 of 1st overtime period - Deflect By Ilya Kovalchuk.
0:20 of 1st overtime period - Stopped by Niklas Backstrom with a rebound.
0:24 of 1st overtime period - Shot by Ilya Kovalchuk.
0:24 of 1st overtime period - Shot Misses the Net.
0:30 of 1st overtime period - Shot by Ed Jovanovski.
0:30 of 1st overtime period - Stopped by Niklas Backstrom without a rebound.
0:31 of 1st overtime period - Shawn Horcoff wins face-off versus Jason Spezza in Senators zone.
0:46 of 1st overtime period - Shot by Shawn Horcoff.
0:46 of 1st overtime period - Shot Misses the Net.
1:16 of 1st overtime period - Cory Stillman is hit by Jason Spezza.
1:31 of 1st overtime period - Anton Volchenkov is hit by Ed Jovanovski and loses puck.
1:44 of 1st overtime period - Mike Mottau is hit by Martin Havlat.
2:00 of 1st overtime period - Shot by Martin Havlat.
2:00 of 1st overtime period - Goal by Martin Havlat - Canadiens : 4 - Senators : 3.


Output by the SimonT Hockey Simulator (STHS) for Stephane Roy -- Original Page W3C XHTML 1.0 Valid